 Dungeon Crawl Stone Soup version 0.21.0 (webtiles) character file.

4267 wojtek the Cleaver (level 10, -6/88 HPs)
             Began as a Minotaur Fighter on Jan 7, 2018.
             Was a Priest of Makhleb.
             Mangled by a cyclops (29 damage)
             ... on level 9 of the Dungeon.
             The game lasted 00:13:16 (7717 turns).

wojtek the Cleaver (Minotaur Fighter)               Turns: 7717, Time: 00:13:17

Health: -6/88      AC: 10    Str: 25    XL:     10   Next: 10%
Magic:  4/4        EV: 11    Int:  5    God:    Makhleb [***...]
Gold:   219        SH: 16    Dex:  9    Spells: 9/9 levels left

rFire    + . .     SeeInvis .   a - +2 war axe (antimagic)
rCold    . . .     Gourm    .   c - +1 shield
rNeg     . . .     Faith    .   I - +2 ring mail {rF+}
rPois    .         Spirit   .   (helmet restricted)
rElec    .         Reflect  +   (no cloak)
rCorr    +         Harm     .   (no gloves)
MR       +....                  L - +0 pair of boots
Stlth    ..........             e - +5 amulet of reflection
HPRegen  0.24/turn              B - ring of protection from magic
MPRegen  0.09/turn              N - ring of resist corrosion

@: no status effects
A: retaliatory headbutt, horns 2
a: Minor Destruction, Lesser Servant of Makhleb, Renounce Religion


You were on level 9 of the Dungeon.
You worshipped Makhleb.
Makhleb was most pleased with you.
You were not hungry.

You visited 1 branch of the dungeon, and saw 9 of its levels.

You collected 219 gold pieces.

Inventory:

Hand Weapons
 a - a +2 antimagic war axe (weapon)
 x - a +1 short sword of electrocution
Armour
 b - a +0 scale mail
 c - a +1 shield (worn)
 I - a +2 ring mail of fire resistance (worn)
 L - a +0 pair of boots (worn)
Jewellery
 e - a +5 amulet of reflection (around neck)
 y - an uncursed ring of ice
 B - a ring of protection from magic (left hand)
 N - a ring of resist corrosion (right hand)
Wands
 H - a wand of acid (2)
Scrolls
 g - a scroll of remove curse
 h - 2 scrolls of fog {unknown}
 j - 2 scrolls of teleportation
 k - a scroll of blinking {unknown}
 n - 2 scrolls of enchant armour
 o - 5 scrolls of identify
 q - a scroll of random uselessness {unknown}
 t - 3 scrolls of amnesia
 A - a scroll of magic mapping
 F - a scroll of immolation
 G - a scroll of enchant weapon {unknown}
 K - a scroll of brand weapon {unknown}
Potions
 d - a potion of might
 i - 2 potions of invisibility {unknown}
 l - a potion of lignification {unknown}
 m - a potion of experience {unknown}
 p - 2 potions of heal wounds {unknown}
 r - a potion of resistance {unknown}
 s - a potion of mutation {unknown}
 v - 2 potions of brilliance {unknown}
 w - a potion of degeneration {unknown}
 z - 2 potions of magic {unknown}
 C - a potion of flight {unknown}
 E - 2 potions of curing {unknown}
 J - a potion of ambrosia {unknown}
 M - a potion of haste {unknown}
Books
 u - a book of Frost

   Spells                             Type                      Level
   a - Freeze                         Ice                          1
   b - Throw Frost                    Conjuration/Ice              2
   c - Ozocubu's Armour               Charms/Ice                   3
   d - Throw Icicle                   Conjuration/Ice              4
   e - Summon Ice Beast               Ice/Summoning                4
Comestibles
 f - 13 rations
 D - a chunk of flesh


   Skills:
 + Level 7.9 Fighting
 * Level 10.1 Axes
 + Level 7.8 Armour
 + Level 5.3 Dodging
 - Level 4.9 Shields
 * Level 6.7 Invocations


You had 9 spell levels left.
You didn't know any spells.

Dungeon Overview and Level Annotations

Branches:
Dungeon (9/15)             Temple (0/1) D:5            Lair (0/6) D:8
    Orc: D:9-12

Altars:
Ashenzari
Cheibriados
Dithmenos
Elyvilon
Hepliaklqana
Kikubaaqudgha
Makhleb
Nemelex Xobeh
Qazlal
Uskayaw
Xom
Yredelemnul
The Shining One

Annotations:
D:4 mopl's ghost, novice MiBe
D:7 Amon001's ghost, novice GnSk


Innate Abilities, Weirdness & Mutations

You reflexively headbutt those who attack you in melee.
You have a pair of horns on your head.


Message History

The cyclops is moderately wounded.
The cyclops hits you!!
A yak comes into view.
The yak bellows!
You hit the cyclops but do no damage.
The cyclops is moderately wounded.
You hit the cyclops but do no damage.
The cyclops is moderately wounded.
You slash the yak! You block the cyclops's attack.
You hit the cyclops but do no damage.
The cyclops is moderately wounded.
You completely miss the yak. You hit the yak. You block the yak's attack.
The cyclops hits you! The yak gores you.
You slice the cyclops!!
You headbutt the cyclops, but do no damage.
The cyclops is heavily wounded.
You hit the yak but do no damage. You slash the yak! The yak gores you!
* * * LOW HITPOINT WARNING * * *
You block the yak's attack. The cyclops hits you!!
You die...

###.# #...# '8 +...#
.# # #...# (#..# #<..#
Y#..# #†..# ##.#..#
.........# #8Y8..#
.........# #YC...#
....##....######@Y...#
.... ##..........†...#
... ...............#
.. .........).....#
...............# ...
..............# ..#
.##...##).?#..#
..########...##...####
...................#


You could see a cyclops and 4 yaks.

Vanquished Creatures
  2 two-headed ogres (D:8)
  2 wyverns
  Menkaure (D:6)
  An orc warrior (D:9)
  2 hell hounds (D:8)
  2 ice beasts
  A sky beast (D:9)
  2 phantoms
  2 ogres
  A centaur (D:5)
  A bullfrog (D:7)
  2 wyvern skeletons
  3 scorpions
  6 howler monkeys
  A crimson imp (D:6)
  A jelly (D:8)
  6 hounds
  A centaur skeleton (D:7)
  3 orc priests
  7 orc wizards
  Terence (D:3)
  An iguana (D:5)
  5 worker ants
  A hound skeleton (D:5)
  A worker ant zombie (D:7)
  A howler monkey zombie (D:5)
  14 adders
  4 gnolls (D:3)
  3 oozes
  An adder skeleton (D:5)
  2 worms
  A dart slug (D:2)
  4 leopard geckos
  27 orcs
  5 bats
  2 bat zombies (D:6)
  5 giant cockroaches
  11 goblins
  8 hobgoblins
  13 jackals
  5 kobolds
  6 quokkas
  2 ball pythons
  2 frilled lizards
  2 jackal skeletons
  A leopard gecko skeleton (D:8)
  2 quokka skeletons
  A quokka zombie (D:7)
  6 rats
  2 rat zombies
  A spectral orc (D:6)
187 creatures vanquished.

Vanquished Creatures (others)
  4 toadstools (D:1)
4 creatures vanquished.

Grand Total: 191 creatures vanquished

Notes
Turn   | Place    | Note
-------+----------+-------------------------------------------
     0 | D:1      | wojtek the Minotaur Fighter began the quest for the Orb.
     0 | D:1      | Reached XP level 1. HP: 19/19 MP: 0/0
    45 | D:1      | Reached skill level 3 in Axes
    45 | D:1      | Reached XP level 2. HP: 27/27 MP: 1/1
   399 | D:1      | Reached XP level 3. HP: 32/33 MP: 2/2
   982 | D:2      | Found a shattered altar of Ashenzari.
   996 | D:2      | Reached skill level 4 in Axes
  1159 | D:2      | Reached XP level 4. HP: 40/40 MP: 3/3
  1476 | D:3      | Noticed Terence
  1796 | D:3      | Reached XP level 5. HP: 16/47 MP: 4/4
  2035 | D:3      | Reached skill level 5 in Axes
  2209 | D:3      | Killed Terence
  2388 | D:3      | Found a sparkling altar of Nemelex Xobeh.
  2590 | D:4      | Noticed an ogre
  2590 | D:4      | Noticed mopl's ghost (novice MiBe)
  2795 | D:4      | Noticed a phantom
  2802 | D:3      | Reached skill level 5 in Fighting
  2802 | D:3      | Reached skill level 5 in Armour
  2878 | D:3      | Reached XP level 6. HP: 46/56 MP: 5/5
  2887 | D:3      | Reached skill level 1 in Dodging
  3078 | D:4      | Reached skill level 6 in Axes
  3090 | D:4      | Found a burning altar of Makhleb.
  3106 | D:4      | Became a worshipper of Makhleb the Destroyer
  3379 | D:4      | Reached XP level 7. HP: 37/61 MP: 6/6
  3500 | D:5      | Entered Level 5 of the Dungeon
  3524 | D:5      | Reached skill level 1 in Invocations
  3674 | D:5      | Found a snail-covered altar of Cheibriados.
  3781 | D:5      | Found a staircase to the Ecumenical Temple.
  4201 | D:5      | Reached * piety under Makhleb
  4201 | D:5      | Reached skill level 7 in Axes
  4424 | D:6      | Reached XP level 8. HP: 64/70 MP: 3/9
  4534 | D:6      | Found a shimmering altar of Xom.
  4534 | D:6      | Noticed Menkaure
  4545 | D:6      | Killed Menkaure
  4805 | D:6      | Found a basalt altar of Yredelemnul.
  4977 | D:6      | You fall through a shaft!
  4993 | D:7      | You fall through a shaft for 2 floors!
  5006 | D:8      | Found a hide-covered altar of Uskayaw.
  5045 | D:7      | Found a sand-covered staircase.
  5123 | D:7      | Noticed Amon001's ghost (novice GnSk)
  5127 | D:7      | Found a hazy altar of Hepliaklqana.
  5160 | D:7      | Found a glowing golden altar of the Shining One.
  5160 | D:7      | Found a stormy altar of Qazlal.
  5929 | D:6      | Reached skill level 8 in Axes
  5939 | D:6      | Found an ancient bone altar of Kikubaaqudgha.
  6121 | D:7      | Reached ** piety under Makhleb
  6457 | D:8      | Found a shadowy altar of Dithmenos.
  6484 | D:8      | Found a staircase to the Lair.
  6501 | D:8      | Reached XP level 9. HP: 39/78 MP: 3/11
  6809 | D:8      | Reached skill level 5 in Invocations
  7035 | D:8      | Noticed a two-headed ogre
  7046 | D:8      | Killed a two-headed ogre
  7046 | D:8      | Reached skill level 9 in Axes
  7168 | D:8      | Found a white marble altar of Elyvilon.
  7170 | D:8      | Noticed a two-headed ogre
  7177 | D:8      | Killed a two-headed ogre
  7177 | D:8      | Reached skill level 5 in Dodging
  7473 | D:9      | Reached *** piety under Makhleb
  7515 | D:9      | Reached XP level 10. HP: 78/88 MP: 4/13
  7516 | D:9      | Reached skill level 10 in Axes
  7705 | D:9      | Noticed a cyclops
  7717 | D:9      | Mangled by a cyclops

Skill      XL: |  1  2  3  4  5  6  7  8  9 10 |
---------------+-------------------------------+-----
Axes           | 3 4 5 6 7 8 9 10 | 10.1
Armour         | 4 5 6 7 |  7.8
Fighting       | 4 5 6 7 |  7.9
Dodging        | 1 2 3 5 |  5.3
Shields        | 4 |  4.9
Invocations    | 2 4 6 |  6.7

Action                   |  1- 3 |  4- 6 |  7- 9 | 10-12 || total
-------------------------+-------+-------+-------+-------++-------
Melee: War axe           |    78 |   141 |   233 |    28 ||   480
       Headbutt          |    12 |    22 |    46 |     9 ||    89
Invok: Minor Destruction |       |       |     2 |       ||     2
Evoke: Wand              |       |       |     2 |       ||     2
  Use: Scroll            |       |       |     7 |       ||     7
  Eat: Chunk             |     1 |     7 |    13 |     1 ||    22
Armor: Scale mail        |    26 |    59 |    46 |       ||   131
       Ring mail         |       |       |    12 |     7 ||    19
Dodge: Dodged            |    17 |    35 |    62 |     3 ||   117
Block: Shield            |    65 |   115 |   169 |    14 ||   363
       Reflection        |     1 |     1 |     1 |     1 ||     4
